 Dungeon Crawl Stone Soup version 0.28-a0-8-g6e044cfa68 (webtiles) character file.

Game seed: 665760240486038864

79 robertstho the Skirmisher (level 4, 0/36 HPs)
             Began as a Vine Stalker Abyssal Knight on July 23, 2021.
             Was a Follower of Lugonu.
             Slain by Sigmund (9 damage)
             ... on level 3 of the Dungeon.
             The game lasted 00:02:38 (3015 turns).

robertstho the Skirmisher (VSAK)                    Turns: 3015, Time: 00:02:39

Health: 0/36       AC: 22    Str: 15    XL:     4   Next: 37%
Magic:  0/6        EV:  2    Int: 12    God:    Lugonu [*.....]
Gold:   48         SH:  0    Dex: 14    Spells: 3/3 levels left

rFire   . . .      SeeInvis .   a - +1 hand axe
rCold   . . .      Faith    .   i - +0 buckler
rNeg    + + +      Spirit   +   (armour currently unavailable)
rPois   +          Reflect  .   (helmet currently unavailable)
rElec   .          Harm     .   (cloak currently unavailable)
rCorr   .          Rampage  .   (gloves currently unavailable)
Will    .....      NoTele   +   (boots currently unavailable)
Stlth   +.........              (no amulet)
HPRegen 1.12/turn               (no ring)
MPRegen 0.10/turn               (no ring)

@: confused, tree-form
A: stationary, stasis, torment immunity, boosted hp, (fangs 2), regeneration 1,
magic shield, (antimagic bite), no potion heal 2, (talons 1), (iridescent scales
1)
a: Renounce Religion, Depart the Abyss


You were on level 3 of the Dungeon.
You worshipped Lugonu.
Lugonu was aware of your devotion.
You were a tree.
You visited 1 branch of the dungeon, and saw 3 of its levels.
You visited the Abyss 1 time.

You collected 48 gold pieces.

Inventory:

Hand Weapons
 a - a +1 hand axe (weapon)
Armour
 b - a +0 leather armour (melded)
 i - a +0 buckler (worn)
 j - a +0 pair of boots (melded)
Wands
 c - a wand of iceblast (13)
Scrolls
 d - 3 scrolls of blinking {unknown}
 f - 2 scrolls of amnesia {unknown}
 g - a scroll of brand weapon {unknown}
 h - 2 scrolls of teleportation {unknown}
 k - 2 scrolls of fear {unknown}
 l - a scroll of torment {unknown}


   Skills:
 * Level 3.3 Fighting
 + Level 2.3 Axes
 * Level 2.2 Armour
 + Level 1.2 Dodging
 + Level 0.1 Stealth
 * Level 2.4 Invocations


You had 3 spell levels left.
You didn't know any spells.
Your spell library contained the following spells:

 Spells                   Type           Power      Damage    Failure   Level
 Cause Fear               Hex            0%         N/A       99%         4
 Leda's Liquefaction      Hex/Erth       0%         N/A       99%         4
 Bolt of Magma            Conj/Fire/Erth 0%         4d4       100%        5
 Statue Form              Tmut/Erth      0%         N/A       100%        6
 Dragon Form              Tmut           0%         N/A       100%        7
 Dragon's Call            Summ           0%         N/A       100%        9


Dungeon Overview and Level Annotations

Branches:
Dungeon (3/15)

Altars:

Annotations:
D:3 Sigmund


Innate Abilities, Weirdness & Mutations

You are a tree.
Your roots penetrate the ground, keeping you stationary.
You cannot be teleported.
You are immune to unholy pain and torment.
Your maximum health is greatly increased.
Your equipment is partially melded.
((You have extremely sharp teeth.))
Your natural rate of healing is unusually fast.
When hurt, damage is shared between your health and your magic reserves.
((Your bite disrupts and absorbs the magic of your enemies.))
Potions cannot restore your health.
((You have sharp toenails.))
((You are partially covered in iridescent scales. (AC +2)))


Message History

You miss something. Something hits you but does no damage.
You barely miss something. You block something's attack.
You hear some strange, mumbled words.
A magic dart appears from out of thin air!
The magic dart hits you!
You closely miss something. Something hits you!
You miss something. Something hits you!
You barely miss something. Something hits you but does no damage.
You barely miss something.
You hear some strange, mumbled words.
A magic dart appears from out of thin air!
The magic dart hits you! Something hits you.
You barely miss something. Something hits you!
* * * LOW HITPOINT WARNING * * *
You closely miss something. Something hits you but does no damage.
You closely miss something.
You hear some strange, mumbled words.
A magic dart appears from out of thin air!
The magic dart hits you but does no damage.
You miss something. Something hits you but does no damage.
You hear some strange, mumbled words.
Something tries to affect you, but you resist.
You closely miss something.
You hear some strange, mumbled words.
Something tries to affect you, but you resist.
You barely miss something. Something hits you but does no damage.
You barely miss something. Something hits you but does no damage.
You hit something.
You hear some strange, mumbled words.
You are confused.
Something hits you but does no damage.
There's something in the way.
You miss something. Something hits you.
You barely miss something. Something hits you!
* * * LOW HITPOINT WARNING * * *
You barely miss something. Something hits you.
* * * LOW HITPOINT WARNING * * *
There's something in the way.
You hit something. Something hits you!
You die...

.....
...#
...#
..#
..###
#.#<#
#{#.#
#♣#.#
#...#
#####


There were no monsters in sight!

Vanquished Creatures
  3 gnolls (D:2)
  2 adders (D:2)
  2 dart slugs (D:2)
  2 bats
  2 giant cockroaches
  6 goblins
  3 hobgoblins
  A frilled lizard (D:1)
  4 kobolds
  7 rats
32 creatures vanquished.

Notes
Turn   | Place    | Note
-------+----------+-------------------------------------------
     0 | Abyss:1  | robertstho the Vine Stalker Abyssal Knight began the quest
                  | for the Orb.
     0 | Abyss:1  | Reached XP level 1. HP: 11/11 MP: 3/3
   107 | Abyss:1  | Noticed a smoke demon
   109 | D:1      | Escaped the Abyss
   182 | D:1      | Reached skill level 1 in Dodging
   278 | D:1      | Reached skill level 3 in Fighting
   320 | D:1      | Reached XP level 2. HP: 12/16 MP: 2/4
   320 | D:1      | Reached * piety under Lugonu
   963 | D:1      | Found a faded altar of an unknown god.
  1489 | D:2      | Reached XP level 3. HP: 20/20 MP: 5/5
  1851 | D:2      | Gained mutation: You are partially covered in iridescent
                  | scales. (AC +2) [potion of mutation]
  1851 | D:2      | Gained mutation: You have sharp toenails. [potion of
                  | mutation]
  2454 | D:2      | Gained mutation: Your natural rate of healing is unusually
                  | fast. [Vine Stalker growth]
  2454 | D:2      | Reached XP level 4. HP: 8/24 MP: 6/6
  2983 | D:3      | Noticed Sigmund
  3015 | D:3      | Slain by Sigmund

Illustrated notes

Levels and vault maps discovered:
D:1:      nagdon_arrival_zigzag_paths, layout_basic,
          hellmonk_ecumenical_altar_inner_sanctum, minmay_misc_feat_chi
D:2:      kb_forest_paths, layout_loops_ring, eino_tiny_chamber,
          minmay_hedge_maze, minmay_puff
D:3:      layout_basic, uniq_sigmund

Skill      XL: |  1  2  3 |
---------------+----------+-----
Dodging        | 1 |  1.2
Fighting       | 3 |  3.3
Invocations    | 2 |  2.4
Axes           | 2 |  2.3
Armour         | 2 |  2.2
Stealth        | |  0.1

Action                   |  1- 3 |  4- 6 || total
-------------------------+-------+-------++-------
Melee: Hand axe          |    86 |    43 ||   129
       Bite              |    16 |     4 ||    20
Invok: Depart the Abyss  |     1 |       ||     1
  Use: Potion            |     3 |     1 ||     4
 Stab: Sleeping          |     1 |       ||     1
Armor: Leather armour    |    23 |    10 ||    33
       Skin              |       |    15 ||    15
Dodge: Dodged            |    45 |     6 ||    51
Block: Buckler           |     5 |     4 ||     9

Table legend: (Time is in decaauts)
 A = Elapsed time spent in this place.
 B = Non-inter-level travel time spent in this place.
 C = Inter-level travel time spent in this place.
 D = Time resting spent in this place.
 E = Time spent auto-exploring this place.
 F = Levels seen in this place.
 G = Mean time per level.
                   A        B        C        D        E       F      G
               +--------+--------+--------+--------+--------+-----+--------+
         Total |   3026 |   2881 |    145 |    240 |   2298 |   4 |  756.5 |
       Dungeon |   2917 |   2772 |    145 |    240 |   2191 |   3 |  972.3 |
         Abyss |    109 |    109 |      0 |      0 |    107 |   1 |  109.0 |
               +--------+--------+--------+--------+--------+-----+--------+

Top non-repeatable levels by time:
     D:2: 1657 daAuts
     D:1: 1218 daAuts
 Abyss:1: 109 daAuts
     D:3: 42 daAuts
